 Dungeon Crawl Stone Soup version 0.25.1-2-g60ff931df9 (webtiles) character file.

Game seed: 8296289452502266341

400 hawla the Skirmisher (level 6, -1/56 HPs)
             Began as a Minotaur Berserker on Oct 1, 2020.
             Was a Believer of Trog.
             Engulfed by an orc wizard's steam (14 damage)
             ... on level 4 of the Dungeon.
             The game lasted 00:06:35 (4041 turns).

hawla the Skirmisher (Minotaur Berserker)           Turns: 4041, Time: 00:06:36

Health: -1/56      AC:  3    Str: 23    XL:     6   Next: 54%
Magic:  5/5        EV: 13    Int:  4    God:    Trog [**....]
Gold:   139        SH:  0    Dex: 10    Spells: 5/5 levels left

rFire    . . .     SeeInvis .   r - +0 war axe
rCold    . . .     Gourm    .   (no shield)
rNeg     . . .     Faith    .   d - +0 leather armour
rPois    .         Spirit   .   (helmet restricted)
rElec    .         Reflect  .   (no cloak)
rCorr    .         Harm     .   (no gloves)
MR       ++...                  (no boots)
Stlth    +.........             (no amulet)
HPRegen  1.18/turn              (no ring)
MPRegen  0.09/turn              (no ring)

@: regenerating, slowed, very slow
A: retaliatory headbutt, horns 2
a: Berserk, Trog's Hand, Renounce Religion


You were on level 4 of the Dungeon.
You worshipped Trog.
Trog was pleased with you.
You were not hungry.

You visited 1 branch of the dungeon, and saw 4 of its levels.
You also visited: Sewer.

You collected 139 gold pieces.

Inventory:

Hand Weapons
 a - a +0 mace
 r - a +0 war axe (weapon)
Missiles
 e - 6 boomerangs (quivered)
Armour
 d - a +0 leather armour (worn)
 i - a +0 scale mail
 m - a +0 ring mail
Scrolls
 k - a scroll of immolation
Potions
 f - 2 potions of curing
 g - a potion of brilliance
 h - 2 potions of cancellation {unknown}
 l - 3 potions of flight {unknown}
 q - a potion of heal wounds {unknown}
 s - a potion of magic {unknown}
 t - a potion of mutation {unknown}
Comestibles
 c - 8 rations


   Skills:
 + Level 5.1 Fighting
 + Level 3.6(4.8) Axes
 + Level 4.7(5.3) Maces & Flails
 + Level 1.5 Throwing
 + Level 2.9 Armour
 * Level 4.6 Dodging


You had 5 spell levels left.
You didn't know any spells.
Your spell library was empty.

Dungeon Overview and Level Annotations

Branches:
Dungeon (4/15)              Sewer (visited)
 Temple: D:4-7

Altars:
Cheibriados
Elyvilon
Kikubaaqudgha
Nemelex Xobeh
Wu Jian


Innate Abilities, Weirdness & Mutations

You reflexively headbutt those who attack you in melee.
You have a pair of horns on your head.


Message History

The orc wizard points at you and mumbles some strange words.
You resist with some effort. Something hits you but does no damage.
You closely miss something.
You hear some strange, mumbled words.
You are confused.
Something hits you.
* * * LOW HITPOINT WARNING * * *
The orc wizard gestures wildly while chanting.
The orc wizard blinks!
You feel better.
An orc wizard appears from thin air!
Reactivating autopickup.
The orc wizard casts a spell at you. The puff of flame hits you.
* * * LOW HITPOINT WARNING * * *
The orc wizard barely misses you.
Your skin crawls.
You feel resistant to hostile enchantments.
You feel somewhat more hungry.
You are engulfed in a cloud of scalding steam.
You die...

##### ... ##...# .. ....
#...%. #.. ..# ##.....
?..##.####......
......##........ #
..........####.
#.#.###########.....###.#.
##....≈≈≈o@≈o≈≈..#.........
#....!≈≈[≈.≈)≈≈.....####...
...##.≈≈≈≈≈≈≈≈≈....## #...
#.###########...# .... ..
?...>..# ... .......... .#
............. ...###.....≈≈
#.# #...≈≈≈≈


You could see 2 orc wizards.

Vanquished Creatures
  An ogre (D:4)
  A big kobold (Sewer)
  2 scorpions
  2 adders (D:3)
  3 river rats (Sewer)
  A shadow imp (D:4)
  A worm (D:2)
  A dart slug (D:3)
  3 leopard geckos
  13 orcs
  4 bats
  8 giant cockroaches
  11 goblins
  5 hobgoblins
  2 jackals
  2 quokkas
  6 frilled lizards
  10 kobolds
  10 rats
86 creatures vanquished.

Notes
Turn   | Place    | Note
-------+----------+-------------------------------------------
     0 | D:1      | hawla the Minotaur Berserker began the quest for the Orb.
     0 | D:1      | Reached XP level 1. HP: 19/19 MP: 0/0
   555 | D:1      | Reached XP level 2. HP: 18/27 MP: 1/1
   904 | D:2      | Found an ancient bone altar of Kikubaaqudgha.
  1169 | D:2      | Reached skill level 4 in Fighting
  1867 | D:2      | Reached XP level 3. HP: 32/33 MP: 2/2
  2102 | D:3      | Reached ** piety under Trog
  2384 | D:3      | Noticed a scorpion
  2393 | D:3      | Killed a scorpion
  2393 | D:3      | Reached XP level 4. HP: 25/41 MP: 3/3
  2895 | D:3      | Found an ornate altar of the Wu Jian Council.
  2967 | D:3      | Found a sparkling altar of Nemelex Xobeh.
  3162 | D:3      | Reached skill level 1 in Axes
  3355 | D:3      | Reached XP level 5. HP: 47/47 MP: 4/4
  3533 | D:4      | Noticed an ogre
  3538 | D:4      | Killed an ogre
  3538 | D:4      | Reached skill level 1 in Throwing
  3584 | D:4      | Found a white marble altar of Elyvilon.
  3584 | D:4      | Found a snail-covered altar of Cheibriados.
  3631 | D:4      | Found a glowing drain.
  3678 | Sewer    | Entered a sewer
  3686 | Sewer    | Reached XP level 6. HP: 31/55 MP: 5/5
  3914 | Sewer    | Reached skill level 5 in Fighting
  3970 | Sewer    | Found a white marble altar of Elyvilon.
  4041 | D:4      | Engulfed by an orc wizard's steam

Illustrated notes

Levels and vault maps discovered:
D:1:      tarquinn_simple_flora_water_d, layout_basic, serial_rivers,
          chequers_serial_rivers_marsh, chequers_serial_rivers_small_b,
          chequers_serial_rivers_room_b, chequers_serial_rivers_micro_a,
          chequers_serial_rivers_micro_e, chequers_serial_rivers_micro_b
D:2:      layout_basic, lemuel_crystal_altar
D:3:      minmay_inner_zag, layout_loops_corners,
          nemelex_xobeh_ov_fountains_minmay, lemuel_crystal_altar
D:4:      layout_cave_pools, chequers_temple_overflow_statue_of_worship,
          temple_pool_b, portal_sewer_entry_f, first_ration,
          uniq_crazy_yiuf_cottage

Skill      XL: |  1  2  3  4  5  6 |
---------------+-------------------+-----
Fighting       | 4 5 |  5.1
Maces & Flails | 4 |  4.7
Dodging        | 3 4 |  4.6
Axes           | 1 2 3 |  3.6
Throwing       | 1 |  1.5
Armour         | |  2.9

Action                   |  1- 3 |  4- 6 || total
-------------------------+-------+-------++-------
Melee: Hand axe          |    35 |       ||    35
       Mace              |    47 |    13 ||    60
       Headbutt          |    13 |    11 ||    24
       War axe           |       |    91 ||    91
Throw: Boomerang         |    14 |     8 ||    22
       Javelin           |       |     3 ||     3
Invok: Trog's Hand       |       |     1 ||     1
  Use: Scroll            |     2 |     2 ||     4
       Potion            |       |     2 ||     2
  Eat: Chunk             |     5 |     5 ||    10
Armor: Animal skin       |    13 |    10 ||    23
       Leather armour    |       |    26 ||    26
Dodge: Dodged            |    39 |    81 ||   120
